 Seeded DCSS version 0.30.1-5-ged363bc7ee (webtiles) character file.

Game seed: 15660985446129201502 (custom seed)

86 AccursedSamuel the Chopper (level 4, -1/28 HPs)
             Began as a Tengu Monk on Sept 19, 2023.
             Slain by Crazy Yiuf
             ... wielding a +3 quarterstaff of chaos
              (11 damage)
             ... on level 2 of the Dungeon.
             The game lasted 00:02:28 (1523 turns).

AccursedSamuel the Chopper (Tengu Monk)             Turns: 1523, Time: 00:02:28

Health: -1/28      AC:  6    Str: 13    XL:     4   Next: 50%
Magic:  5/5        EV: 14    Int: 11    God:
Gold:   210        SH:  0    Dex: 22    Spells: 3/3 levels left

rFire   . . .        a - +0 hand axe
rCold   + + .        d - orb {light}
rNeg    . . .        b - +0 robe
rPois   .            (helmet restricted)
rElec   .            (no cloak)
rCorr   +            (no gloves)
SInv    .            (boots unavailable)
Will    .....        (no amulet)
Stlth   +            e - ring "Jit Qupaa" {rC++ rCorr Dex+6}
HPRegen 0.24/turn    p - +4 ring of protection
MPRegen 0.09/turn

%: no passive effects
@: hasted, glowing, very quick
A: beak, talons 3
a: no special abilities


You were on level 2 of the Dungeon.
You visited 1 branch of the dungeon, and saw 2 of its levels.

You collected 210 gold pieces.

Inventory:

Hand Weapons
 a - a +0 hand axe (weapon)
Armour
 b - a +0 robe (worn)
 d - an orb of light (worn)
Jewellery
 e - the ring "Jit Qupaa" (left hand) {rC++ rCorr Dex+6}
   (You acquired it on level 1 of the Dungeon)

   [ring of dexterity]

   Dex:       It affects your dexterity (+6).
   rC:        It greatly protects you from cold.
   rCorr:     It protects you from acid and corrosion.
 p - a +4 ring of protection (right hand)
Scrolls
 f - 2 scrolls of teleportation {unknown}
 h - a scroll of enchant armour {unknown}
 i - a scroll of noise {unknown}
 k - a scroll of immolation {unknown}
 m - a scroll of identify {unknown}
Potions
 c - a potion of ambrosia
 g - a potion of curing {unknown}
 j - a potion of degeneration {unknown}
 l - a potion of attraction {unknown}
 n - a potion of heal wounds {unknown}
 o - a potion of flight {unknown}
 q - 2 potions of magic {unknown}


   Skills:
 + Level 3.6 Fighting
 + Level 4.4 Axes
 + Level 4.0 Dodging
 + Level 0.5 Stealth


You had 3 spell levels left.
You didn't know any spells.
Your spell library contained the following spells:

 Spells                   Type           Power      Damage    Failure   Level
 Cigotuvi's Dreadful Rot  Necr/Pois/Air  0%         N/A       47%         2
 Dispel Undead            Necr           0%         3d6       98%         4
 Death Channel            Necr           0%         N/A       100%        6


Dungeon Overview and Level Annotations

Branches:
Dungeon (2/15)

Altars:

Annotations:
D:2 Crazy Yiuf


Innate Abilities, Weirdness & Mutations

You have a beak for a mouth.
You have claws for feet.


Message History

The goblin hits you with a +0 dagger.
The endoplasm quivers.
You hit the goblin.
You kill the goblin!
The endoplasm closely misses you.
You hit the endoplasm.
The endoplasm is almost dead.
The endoplasm closely misses you.
You hit the endoplasm.
You kill the endoplasm!
p - a +4 ring of protection (right hand)
Things that are here:
a +0 dagger; a +0 robe; the human skeleton of Jessica
There is a stone staircase leading up here.
Crazy Yiuf shouts!
Crazy Yiuf sings, "Trees, trees, trees, circus!"
Could not explore, unopened runed door.
You open the door. You hit Crazy Yiuf but do no damage.
Crazy Yiuf hits you with a +3 quarterstaff of chaos.
You feel yourself speed up.
You hit Crazy Yiuf. You peck Crazy Yiuf, but do no damage.
Crazy Yiuf is moderately wounded.
You hit Crazy Yiuf but do no damage.
Crazy Yiuf is moderately wounded.
Crazy Yiuf barely misses you.
You hit Crazy Yiuf. You claw Crazy Yiuf!
Crazy Yiuf is almost dead.
Crazy Yiuf hits you with a +3 quarterstaff of chaos!
Crazy Yiuf draws strength from your wounds!
You hit Crazy Yiuf.
Crazy Yiuf is heavily wounded.
Crazy Yiuf hits you with a +3 quarterstaff of chaos!
You resist with some effort.
You hit Crazy Yiuf. You peck Crazy Yiuf.
Crazy Yiuf is severely wounded.
You hit Crazy Yiuf but do no damage. You peck Crazy Yiuf, but do no damage.
Crazy Yiuf is severely wounded.
Crazy Yiuf hits you with a +3 quarterstaff of chaos!
You die...

#####.###.##..........####
..........##.............##
..................######..#
........)########## ##.#
##..#.##[# #.# ...>..##.#
#.## ########.# ### ####..#
# ### #)..### ##.....# #
#...g@####......# #
#...##..#......## ###
###.#....## ########


You could see Crazy Yiuf.

Vanquished Creatures
  Jessica (D:2)
  An adder (D:2)
  A dart slug (D:2)
  5 endoplasms
  2 giant cockroaches (D:2)
  5 goblins
  4 hobgoblins
  5 kobolds
  5 quokkas
  3 ball pythons
  2 bats (D:1)
  7 frilled lizards
  6 rats
  A spectral kobold (D:2)
48 creatures vanquished.

Notes
Turn   | Place    | Note
-------+----------+-------------------------------------------
     0 | D:1      | AccursedSamuel the Tengu Monk began the quest for the Orb.
     0 | D:1      | Reached XP level 1. HP: 14/14 MP: 2/2
    88 | D:1      | Identified a scroll of acquirement
    88 | D:1      | Acquired the ring "Jit Qupaa" {rC++ rCorr Dex+6}
   109 | D:1      | Reached XP level 2. HP: 16/19 MP: 3/3
   606 | D:1      | Reached XP level 3. HP: 23/23 MP: 4/4
   981 | D:2      | Found a faded altar of an unknown god.
  1029 | D:2      | Found a runed translucent door.
  1030 | D:2      | Noticed Crazy Yiuf
  1177 | D:2      | Noticed Jessica
  1184 | D:2      | Killed Jessica
  1185 | D:2      | Reached XP level 4. HP: 20/28 MP: 5/5
  1523 | D:2      | Slain by Crazy Yiuf

Illustrated notes

Levels and vault maps discovered:
D:1:      minmay_arrival_pointy, layout_loops_ring, minmay_gold_behind_fungi
D:2:      layout_basic, dreamdust_ecumenical_altar_drowned_temple,
          hangedman_decor_clover_reticule, fountainhead,
          uniq_crazy_yiuf_cottage, uniq_jessica

Skill      XL: |  1  2  3 |
---------------+----------+-----
Axes           | 4 |  4.4
Dodging        | 4 |  4.0
Fighting       | |  3.6
Stealth        | |  0.5

Action                     |  1- 3 |  4- 6 || total
---------------------------+-------+-------++-------
  Melee: Hand axe          |    48 |    21 ||    69
         Kick              |    19 |     8 ||    27
         Peck              |     8 |     6 ||    14
    Use: Scroll            |     1 |       ||     1
 Armour: Robe              |    11 |       ||    11
  Dodge: Dodged            |    46 |     5 ||    51
